AoeStats
← mtv

Golden Pit

509643353Analyzed
1v1 RM · 5d ago on Sep 27, 2026· 28m 21s· 2 players
Game mode
Random Map
Map size
Tiny (2 player)
Population
200
Speed
Normal
Resources
Standard
Victory
Conquest
Starting age
Dark Age
Ending age
Imperial Age
RankedLock teamsTeams togetherTeam positionsShared explorationLock speedFull tech treeHidden civsTurbo modeCheats
Victory
Defeat
🇪🇸 Turks · Spain
867
+17
🇬🇧 Persians · United Kingdom
889
-17
mtv
5:26 Loom
11:16 Feudal Age
13:29 Wheelbarrow
21:46 Castle Age
19:55 Horse Collar
20:08 Gold Mining
20:30 Double-Bit Axe
24:01 Scale Barding Armor
26:07 Bloodlines
26:21 Chain Barding Armor
26:28 Hand Cart
27:53 Forging
Maximus
10:32 Feudal Age
11:32 Loom
16:29 Castle Age
15:10 Double-Bit Axe
22:14 Forging
26:32 Husbandry
26:46 Bloodlines
Connection lost

Rejoining the realm…

Still unreachable

The connection could not be restored.

Session expired

The server has moved on; the page needs a fresh start.